 Dungeon Crawl Stone Soup version 0.28.0-62-gf88900778d (webtiles) character file.

Game seed: 4405226900963177373

89 cbfl8 the Chopper (level 4, -8/41 HPs)
             Began as a Minotaur Berserker on Nov 4, 2023.
             Was a Believer of Trog.
             Mangled by a wyvern zombie (12 damage)
             ... on level 3 of the Dungeon.
             The game lasted 00:01:36 (2311 turns).

cbfl8 the Chopper (Minotaur Berserker)              Turns: 2311, Time: 00:01:37

Health: -8/41      AC:  3    Str: 22    XL:     4   Next: 31%
Magic:  3/3        EV: 12    Int:  4    God:    Trog [**....]
Gold:   178        SH:  0    Dex: 11    Spells: 3/3 levels left

rFire   . . .      SeeInvis .   a - +0 hand axe
rCold   . . .      Faith    .   (no shield)
rNeg    . . .      Spirit   .   b - +0 animal skin
rPois   .          Reflect  .   (helmet restricted)
rElec   .          Harm     .   (no cloak)
rCorr   .          Rampage  .   (no gloves)
Will    .....                   d - +0 pair of boots
Stlth   +.........              (no amulet)
HPRegen 0.13/turn               (no ring)
MPRegen 0.08/turn               (no ring)

@: no status effects
A: horns 2, retaliatory headbutt
a: Renounce Religion, Berserk, Trog's Hand


You were on level 3 of the Dungeon.
You worshipped Trog.
Trog was pleased with you.
You visited 1 branch of the dungeon, and saw 3 of its levels.

You collected 178 gold pieces.

Inventory:

Hand Weapons
 a - a +0 hand axe (weapon)
Armour
 b - a +0 animal skin (worn)
 d - a +0 pair of boots (worn)
Wands
 k - a wand of iceblast (4)
Scrolls
 c - 2 scrolls of amnesia {unknown}
 e - a scroll of noise {unknown}
 f - a scroll of identify
 h - a scroll of fear {unknown}
 i - 2 scrolls of blinking
 j - a scroll of teleportation {unknown}
 n - a scroll of brand weapon {unknown}
 o - a scroll of enchant armour {unknown}
Potions
 g - 2 potions of might {unknown}
 l - a potion of magic {unknown}
 m - a potion of degeneration {unknown}


   Skills:
 + Level 4.8 Fighting
 + Level 4.8 Axes
 + Level 2.8 Armour
 - Level 2.1 Dodging
 * Level 1.1 Evocations


You had 3 spell levels left.
You didn't know any spells.
Your spell library was empty.

Dungeon Overview and Level Annotations

Branches:
Dungeon (3/15)

Altars:


Innate Abilities, Weirdness & Mutations

You have a pair of horns on your head.
You reflexively headbutt those who attack you in melee.


Message History

You hit the wyvern zombie but do no damage.
The wyvern zombie is moderately damaged.
The wyvern zombie bites you.
A wyvern zombie is nearby!
You hit the wyvern zombie but do no damage.
The wyvern zombie is moderately damaged.
The wyvern zombie barely misses you. The wyvern zombie bites you.
A wyvern zombie is nearby!
You hit the wyvern zombie but do no damage.
The wyvern zombie is moderately damaged.
The wyvern zombie barely misses you.
A wyvern zombie is nearby!
You barely miss the wyvern zombie.
The wyvern zombie is moderately damaged.
The wyvern zombie barely misses you.
A wyvern zombie is nearby!
You hit the wyvern zombie. You headbutt the wyvern zombie.
The wyvern zombie is heavily damaged.
The wyvern zombie bites you. The wyvern zombie barely misses you.
You slash the wyvern zombie!
The wyvern zombie is severely damaged.
The wyvern zombie barely misses you.
You hit the wyvern zombie.
The wyvern zombie is almost destroyed.
The wyvern zombie misses you. You furiously retaliate!
You headbutt the wyvern zombie.
You hit the wyvern zombie but do no damage.
The wyvern zombie is almost destroyed.
The wyvern zombie closely misses you. The wyvern zombie bites you!
You are too injured to fight recklessly!
You are too injured to fight recklessly!
You barely miss the wyvern zombie.
The wyvern zombie is almost destroyed.
The wyvern zombie bites you but does no damage.
You barely miss the wyvern zombie.
The wyvern zombie is almost destroyed.
The wyvern zombie bites you!
* * * LOW HITPOINT WARNING * * *
The wyvern zombie bites you!
You die...

###....#...>##.#..
####.#.#####.###
######.#.#####....
#..............###
#####........#####?#
......##.##.# #.#
##.##.#...#.#####.###
#.#...#...[...#........
#....Z@...†.#.#.....##.
#.#.....#..##..........
##..###............##
..... ##..##.......#
#.##. ..).#..#....# ...
.. ......##.#... ##. ..
#...#.##.#... # #..
#.##.##.#####


You could see a wyvern zombie.

Vanquished Creatures
  3 adders
  8 bats
  3 endoplasms (D:1)
  4 giant cockroaches
  8 goblins
  6 hobgoblins
  4 jackals
  3 quokkas
  3 ball pythons
  7 kobolds
  3 rats
52 creatures vanquished.

Notes
Turn   | Place    | Note
-------+----------+-------------------------------------------
     0 | D:1      | cbfl8 the Minotaur Berserker began the quest for the Orb.
     0 | D:1      | Reached XP level 1. HP: 19/19 MP: 0/0
   200 | D:1      | Reached XP level 2. HP: 14/27 MP: 1/1
   556 | D:1      | Reached ** piety under Trog
   567 | D:1      | Reached XP level 3. HP: 23/33 MP: 2/2
  1104 | D:2      | Reached skill level 1 in Evocations
  1949 | D:3      | Reached XP level 4. HP: 32/41 MP: 3/3
  2207 | D:3      | Found a faded altar of an unknown god.
  2311 | D:3      | Mangled by a wyvern zombie

Illustrated notes

Levels and vault maps discovered:
D:1:      doesnt_arrival_eight_statues, layout_basic
D:2:      layout_basic, grunt_decor_junction, minmay_hexomino_c4
D:3:      layout_loops_ring, chequers_ecumenical_altar_simple_redux,
          hangedman_decor_clover_reticule, minmay_goblin_outpost,
          uniq_crazy_yiuf_cottage, uniq_natasha, uniq_jessica

Skill      XL: |  1  2  3 |
---------------+----------+-----
Axes           | 4 |  4.8
Fighting       | 4 |  4.8
Evocations     | 1 |  1.1
Armour         | |  2.8
Dodging        | |  2.1

Action                   |  1- 3 |  4- 6 || total
-------------------------+-------+-------++-------
Melee: Hand axe          |   110 |    28 ||   138
       Headbutt          |    12 |     4 ||    16
  Use: Scroll            |     3 |       ||     3
Armor: Animal skin       |    38 |     7 ||    45
Dodge: Dodged            |    80 |    21 ||   101
